 Dungeon Crawl Stone Soup version 0.25-a0-578-gc91f01c (webtiles) character file.

Game seed: 3236872244551977326, levelgen mode: deterministic

19772 Faca the Grappler (level 12, -9/127 HPs)
             Began as a Troll Fighter on Mar 6, 2020.
             Was the Champion of Okawaru.
             Mangled by a seven-headed hydra (10 damage)
             ... on level 15 of the Dungeon.
             The game lasted 00:32:47 (11102 turns).

Faca the Grappler (Troll Fighter)                  Turns: 11102, Time: 00:32:48

Health: -9/127     AC:  8    Str: 31    XL:     12   Next: 39%
Magic:  11/11      EV:  8    Int:  4    God:    Okawaru [******]
Gold:   637        SH: 10    Dex:  9    Spells: 11/11 levels left

rFire    + . .     SeeInvis +     - Unarmed
rCold    + + .     Gourm    +   b - +1 kite shield
rNeg     . . .     Faith    .   t - +2 robe {rC+ rF+}
rPois    .         Spirit   .   (helmet restricted)
rElec    .         Reflect  .   (no cloak)
rCorr    .         Harm     .   (gloves unavailable)
MR       .....                  (boots unavailable)
Stlth    +.........             (no amulet)
HPRegen  0.71/turn              C - ring of protection from cold
MPRegen  0.12/turn              J - ring of see invisible

@: no status effects
A: large, unfitting armour, claws 3, fast metabolism 3, gourmand, regeneration
1, shaggy fur 1, tough skin 3
a: Heroism, Finesse, Renounce Religion


You were on level 15 of the Dungeon.
You worshipped Okawaru.
Okawaru was exalted by your worship.
You were not hungry.

You visited 1 branch of the dungeon, and saw 14 of its levels.

You collected 695 gold pieces.
You spent 58 gold pieces at shops.

Inventory:

Hand Weapons
 l - the +10 trident of Mime {elec, +Blink}
   (Okawaru gifted it to you on level 7 of the Dungeon)

   Occasionally, upon striking a foe, it will discharge some electrical energy
   and cause terrible harm.
   It lets you blink.
Missiles
 i - 357 stones
 y - 2 datura-tipped darts
 z - 3 curare-tipped darts
 F - 12 boomerangs (quivered)
 H - 11 large rocks
 I - 2 silver boomerangs
 O - 5 javelins
Armour
 b - a +1 kite shield (worn)
 t - a +2 robe of resistance (worn)
 B - a +0 tower shield
Jewellery
 C - a ring of protection from cold (left claw)
 J - a ring of see invisible (right claw)
Wands
 q - a wand of random effects (38)
 A - a wand of disintegration (31)
 E - a wand of flame (4)
Scrolls
 k - 3 scrolls of blinking
 m - 9 scrolls of remove curse
 o - 2 scrolls of identify
 p - a scroll of fear
 w - a scroll of fog
 x - 5 scrolls of teleportation
 G - a scroll of summoning
 K - a scroll of enchant armour
 M - 3 scrolls of holy word {unknown}
 P - a scroll of acquirement {unknown}
Potions
 a - 2 potions of cancellation
 c - 3 potions of might
 e - a potion of ambrosia
 f - a potion of magic
 g - 4 potions of brilliance
 h - 3 potions of heal wounds
 j - a potion of lignification {unknown}
 n - 2 potions of flight {unknown}
 r - a potion of stabbing
 s - 2 potions of haste {unknown}
 u - a potion of invisibility
 v - 7 potions of curing {unknown}
 D - a potion of resistance {unknown}
 L - a potion of mutation {unknown}
 N - a potion of berserk rage {unknown}
Comestibles
 d - 34 rations


   Skills:
 + Level 10.5 Fighting
 + Level 10.4 Throwing
 - Level 2.4 Dodging
 + Level 3.4 Shields
 + Level 12.1 Unarmed Combat


You had 11 spell levels left.
You didn't know any spells.
Your spell library contained the following spells:

 Spells                   Type           Power        Failure   Level  Hunger
 Magic Dart               Conj           #...         88%         1    ##.....
 Summon Butterflies       Summ           #.......     88%         1    ##.....
 Blink                    Tloc           N/A          95%         2    ###....
 Call Imp                 Summ           #.......     95%         2    ###....
 Slow                     Hex            #.......     95%         2    ###....
 Call Canine Familiar     Summ           #.......     99%         3    ####...
 Confusing Touch          Hex            #.......     99%         3    ####...
 Conjure Flame            Conj/Fire      #.......     99%         3    ####...
 Gell's Gravitas          Tloc           #.........   99%         3    ####...
 Mephitic Cloud           Conj/Pois/Air  #.......     99%         3    ####...
 Petrify                  Tmut/Erth      #.......     100%        4    #####..
 Summon Ice Beast         Ice/Summ       #.......     100%        4    #####..
 Metabolic Englaciation   Hex/Ice        #.........   100%        5    ######.
 Summon Mana Viper        Hex/Summ       #.......     100%        5    ######.
 Yara's Violent Unravell  Hex/Tmut       #.........   100%        5    ######.
 Summon Hydra             Summ           #.........   100%        7    #######


Dungeon Overview and Level Annotations

Branches:
Dungeon (15/15)            Temple (0/1) D:7            Lair (0/6) D:11
    Orc (0/2) D:10
 Vaults: D:13-14     Depths: D:15

Altars:
Cheibriados
Fedhas
Okawaru
Qazlal
Sif Muna
Uskayaw
Wu Jian
Beogh

Shops:
D:4 [=((%   D:9 *

Annotations:
D:14 Louise


Innate Abilities, Weirdness & Mutations

You are too large for most types of armour.
You have claws for hands.
Your metabolism is lightning-fast.
You like to eat raw meat.
Your natural rate of healing is unusually fast.
You are covered in fur. (AC +1)
You have extremely tough skin. (AC +3)


Message History

The seven-headed hydra bites you!
* * * LOW HITPOINT WARNING * * *
Throwing (i - inventory. (/) - cycle)
F - 12 boomerangs (quivered)
Press: ? - help, Shift-Dir - straight line, f/p - seven-headed hydra
Aim: a seven-headed hydra (severely wounded)
You throw a boomerang.
The boomerang hits the seven-headed hydra but does no damage.
The seven-headed hydra is severely wounded.
The seven-headed hydra bites you!
* * * LOW HITPOINT WARNING * * *
The seven-headed hydra barely misses you.
You block the seven-headed hydra's attack.
The seven-headed hydra bites you!
* * * LOW HITPOINT WARNING * * *
The seven-headed hydra bites you.
* * * LOW HITPOINT WARNING * * *
The seven-headed hydra bites you!
* * * LOW HITPOINT WARNING * * *
The seven-headed hydra bites you!
You die...

### #.. ##### #####
#.#
......#########...#
#.#
#.....D@.......#
#.#
#...?..#######...#
#.. #.#....#
####.##### ###
#......# #........#
## ####.###
#.##.....# ##. #. #
###...# ##.# #.
##.####.## ..
#.#####.###.##
........##.##


You could see a seven-headed hydra.

Vanquished Creatures
  Gastronok (D:8)
  A two-headed ogre (D:11)
  A skeletal warrior (D:14)
  An unseen horror (D:15)
  A wizard (D:15)
  An orc knight (D:10)
  2 ugly things
  A manticore (D:12)
  A cyclops (D:11)
  2 centaur skeletons
  A gargoyle (D:14)
  A queen bee (D:11)
  2 trolls (D:11)
  Grinder (D:4)
  A hornet (D:8)
  3 hippogriffs
  Sigmund (D:2)
  A vampire (D:14)
  8 yaks
  4 vampire mosquitoes (D:11)
  2 hungry ghosts
  Menkaure (D:5)
  A steam dragon (D:11)
  Edmund (D:5)
  An acid dragon (D:12)
  Duvessa (D:5)
  5 sky beasts
  6 ice beasts
  4 orc warriors
  A black bear (D:11)
  2 necrophages
  4 ogres
  4 phantoms
  2 wolves (D:11)
  13 centaurs
  A crocodile (D:11)
  2 big kobolds
  Blork the orc (D:6)
  3 bullfrogs
  A wyvern zombie (D:11)
  Dowan (D:5)
  2 scorpions
  33 killer bees
  8 wights
  5 howler monkeys
  6 electric eels
  8 crimson imps
  2 bullfrog zombies
  A quasit (D:7)
  12 hounds
  3 jellies
  13 orc priests
  2 bullfrog skeletons (D:5)
  5 iguanas
  15 orc wizards
  10 worker ants
  A hound zombie (D:5)
  A hound skeleton (D:4)
  A worker ant zombie (D:8)
  3 gnolls (D:7)
  13 adders
  4 shadow imps
  2 oozes
  An adder zombie (D:6)
  A worm (D:2)
  3 dart slugs
  2 leopard geckos (D:2)
  54 orcs
  A ball python (D:3)
  6 bats
  3 giant cockroaches
  7 hobgoblins
  2 jackals (D:5)
  4 quokkas
  4 frilled lizards
  5 goblins
  15 kobolds
  A leopard gecko skeleton (D:4)
  7 rats
358 creatures vanquished.

Vanquished Creatures (others)
  An orc priest (D:11)
  2 orcs (D:11)
3 creatures vanquished.

Grand Total: 361 creatures vanquished

Notes
Turn   | Place    | Note
-------+----------+-------------------------------------------
     0 | D:1      | Faca the Troll Fighter began the quest for the Orb.
     0 | D:1      | Reached XP level 1. HP: 22/22 MP: 0/0
    61 | D:1      | Reached XP level 2. HP: 26/29 MP: 1/1
   557 | D:2      | Reached XP level 3. HP: 37/37 MP: 2/2
   595 | D:2      | Found a faded altar of an unknown god.
   598 | D:2      | Became a worshipper of Warmaster Okawaru
   598 | D:2      | Reached * piety under Okawaru
   701 | D:2      | Reached skill level 3 in Unarmed Combat
   965 | D:2      | Reached XP level 4. HP: 45/45 MP: 3/3
  1214 | D:2      | Noticed Sigmund
  1227 | D:2      | Killed Sigmund
  1227 | D:2      | Reached ** piety under Okawaru
  1227 | D:2      | Reached skill level 4 in Unarmed Combat
  1227 | D:2      | Reached XP level 5. HP: 51/54 MP: 4/4
  1559 | D:3      | Reached XP level 6. HP: 62/62 MP: 5/5
  2208 | D:4      | Reached skill level 1 in Throwing
  2306 | D:4      | Reached skill level 5 in Unarmed Combat
  2448 | D:4      | Noticed a sky beast
  2458 | D:4      | Killed a sky beast
  2458 | D:4      | Reached *** piety under Okawaru
  2458 | D:4      | Reached XP level 7. HP: 66/71 MP: 6/6
  2478 | D:4      | Noticed Grinder
  2482 | D:4      | Paralysed by Grinder for 7 turns
  2495 | D:4      | Paralysed by Grinder for 6 turns
  2504 | D:4      | Killed Grinder
  2504 | D:4      | Reached skill level 5 in Fighting
  2613 | D:4      | Found Imudamem's Antique Weapon Emporium.
  2641 | D:4      | Found Zalov's Jewellery Emporium.
  2703 | D:4      | Found Xuanots's Antique Armour Emporium.
  2760 | D:4      | Reached skill level 6 in Unarmed Combat
  2784 | D:4      | Found an iron altar of Okawaru.
  2801 | D:4      | Reached **** piety under Okawaru
  2801 | D:4      | Reached XP level 8. HP: 33/81 MP: 7/7
  2936 | D:4      | Found Haplihab's Weapon Emporium.
  3028 | D:4      | Found Yzijegh's Food Shoppe.
  3207 | D:5      | Entered Level 5 of the Dungeon
  3209 | D:5      | Noticed Edmund
  3228 | D:5      | Killed Edmund
  3438 | D:5      | Reached skill level 7 in Unarmed Combat
  3612 | D:5      | Noticed Dowan
  3613 | D:5      | Noticed Duvessa
  3622 | D:5      | Killed Duvessa
  3622 | D:5      | Reached skill level 5 in Throwing
  3625 | D:5      | Killed Dowan
  3662 | D:5      | Noticed Menkaure
  3684 | D:5      | Killed Menkaure
  3684 | D:5      | Reached XP level 9. HP: 49/92 MP: 8/8
  4100 | D:5      | Reached ***** piety under Okawaru
  4246 | D:5      | Reached skill level 8 in Unarmed Combat
  4351 | D:6      | Found a stormy altar of Qazlal.
  4496 | D:6      | Found an ornate altar of the Wu Jian Council.
  4500 | D:6      | Found a snail-covered altar of Cheibriados.
  4590 | D:6      | Noticed Blork the orc
  4593 | D:6      | Killed Blork the orc
  4727 | D:6      | Found a hide-covered altar of Uskayaw.
  4730 | D:6      | Found a shimmering blue altar of Sif Muna.
  5211 | D:7      | Received a gift from Okawaru
  5220 | D:7      | Got a brightly glowing trident {god gift}
  5221 | D:7      | Identified the +10 trident of Mime {elec, +Blink} (Okawaru
                  | gifted it to you on level 7 of the Dungeon)
  5450 | D:7      | Found a blossoming altar of Fedhas.
  5758 | D:7      | Found a staircase to the Ecumenical Temple.
  6209 | D:8      | Reached skill level 9 in Unarmed Combat
  6209 | D:8      | Reached XP level 10. HP: 84/104 MP: 9/9
  6422 | D:8      | Noticed Gastronok
  6443 | D:8      | Killed Gastronok
  6443 | D:8      | Received a gift from Okawaru
  6873 | D:9      | Received a gift from Okawaru
  6873 | D:9      | Reached skill level 10 in Unarmed Combat
  7175 | D:9      | Found a runed translucent door.
  7250 | D:9      | Found Xahoaplur's Assorted Antiques.
  7253 | D:9      | Bought a scroll labeled ZISHUUROTE for 20 gold pieces
  7253 | D:9      | Bought a lumpy pink potion for 18 gold pieces
  7253 | D:9      | Bought a scroll labeled ZISHUUROTE for 20 gold pieces
  7508 | D:9      | Found a roughly hewn altar of Beogh.
  7600 | D:10     | Entered Level 10 of the Dungeon
  7782 | D:10     | Reached XP level 11. HP: 66/113 MP: 10/10
  7887 | D:10     | Noticed an orc knight
  7902 | D:10     | Killed an orc knight
  8088 | D:10     | Found a staircase to the Orcish Mines.
  8629 | D:11     | Reached ****** piety under Okawaru
  8670 | D:11     | Received a gift from Okawaru
  8850 | D:11     | Found a staircase to the Lair.
  8871 | D:11     | Reached skill level 11 in Unarmed Combat
  8914 | D:11     | Noticed a cyan ugly thing
  8928 | D:11     | Killed a cyan ugly thing
  9148 | D:11     | Noticed a two-headed ogre
  9153 | D:11     | Killed a two-headed ogre
  9365 | D:11     | Received a gift from Okawaru
  9369 | D:11     | Reached skill level 10 in Fighting
  9744 | D:11     | Reached XP level 12. HP: 96/126 MP: 11/11
  9756 | D:11     | Reached skill level 10 in Throwing
 10665 | D:12     | You fall into a shaft and drop 3 floors!
 10665 | D:15     | Entered Level 15 of the Dungeon
 10787 | D:14     | Reached skill level 12 in Unarmed Combat
 10892 | D:14     | Received a gift from Okawaru
 10980 | D:14     | Noticed Louise
 11094 | D:15     | Noticed a seven-headed hydra
 11102 | D:15     | HP: 1/127 [seven-headed hydra (8)]
 11102 | D:15     | Mangled by a seven-headed hydra

Levels and vault maps discovered:
D:1:      heliophobic_arrival_glass_houses, layout_rooms, minmay_crystal_room
D:2:      minmay_general_purpose_star, layout_loops_corners,
          chequers_ecumenical_altar_grove, minivault_24,
          kennysheep_generic_room_14, uniq_sigmund
D:3:      layout_loops_ring, kennysheep_cross_room
D:4:      layout_loops_ring, nicolae_overflow_hidden_temple, serial_shops,
          nicolae_shop_crystal, shop, shop_statue, shop, shop_fountains,
          first_ration, uniq_grinder
D:5:      wad_river_or_something, layout_loops_ring, grunt_ministairs_4,
          uniq_edmund, uniq_menkaure, uniq_duvessa
D:6:      layout_loops_ring, grunt_qazlal_sundering,
          chequers_temple_overflow_statue_of_worship, minitemple,
          uniq_blork_the_orc
D:7:      layout_basic, minmay_temple_entry_butterflies, fedhas_altar_1
D:8:      layout_loops_cross, uniq_gastronok
D:9:      layout_big_octagon, serial_shops, kennysheep_mini, grunt_ogre_cave,
          roderic_lattice_a, lightli_church_of_beogh
D:10:     layout_basic, erik_orc_2
D:11:     layout_basic, erik_lair_island, special_room [special_room_bee]
D:12:     kennysheep_bubbly, layout_basic
D:14:     kennysheep_big_flooded_room, layout_irregular_city, serial_shops,
          nicolae_shop_waterfront, uniq_louise
D:15:     gammafunk_enter_depths_forms, layout_loops_corners,
          nicolae_ru_path_of_blood, yredelemnul_altar_generic

Skill      XL: |  1  2  3  4  5  6  7  8  9 10 11 12 |
---------------+-------------------------------------+-----
Fighting       | 3 4 5 6 7 8 10 | 10.5
Unarmed Combat | 3 4 5 6 7 9 10 11 12 | 12.1
Throwing       | 2 3 5 6 8 9 10 | 10.4
Shields        | 3 |  3.4
Dodging        | |  2.4

Action                   |  1- 3 |  4- 6 |  7- 9 | 10-12 || total
-------------------------+-------+-------+-------+-------++-------
Melee: Unarmed           |    81 |   108 |   376 |   620 ||  1185
Throw: Stone             |       |     3 |     6 |    34 ||    43
       Boomerang         |       |       |       |    11 ||    11
Evoke: Wand              |       |       |       |    16 ||    16
  Use: Scroll            |       |     9 |     8 |     4 ||    21
 Stab: Sleeping          |     2 |       |     1 |     1 ||     4
  Eat: Chunk             |     7 |    21 |    29 |    48 ||   105
       Ration            |       |       |       |     1 ||     1
Armor: Robe              |    15 |    26 |   126 |   177 ||   344
Dodge: Dodged            |    17 |    23 |   100 |   168 ||   308
Block: Kite shield       |    33 |    35 |   144 |   282 ||   494

Table legend:
 A = Non-vault XP
 B = Vault XP
 C = Vault XP percentage of total XP
 D = Non-vault monster count
 E = Vault monster count
 F = Vault count percentage of total count
                 A         B        C        D         E       F
            +---------+---------+-------+---------+---------+-------
      Total |   19795 |    8451 |  29.9 |     260 |      98 |  27.4
            +---------+---------+-------+---------+---------+-------
        D:1 |      31 |       0 |   0.0 |      13 |       0 |   0.0
        D:2 |      55 |     277 |  83.4 |      17 |       8 |  32.0
        D:3 |      48 |       0 |   0.0 |      16 |       0 |   0.0
        D:4 |     914 |     277 |  23.3 |      25 |       1 |   3.8
        D:5 |     855 |    1229 |  59.0 |      22 |      16 |  42.1
        D:6 |     693 |      91 |  11.6 |      17 |       1 |   5.6
        D:7 |     731 |       0 |   0.0 |      14 |       0 |   0.0
        D:8 |    1221 |    2338 |  65.7 |      22 |       1 |   4.3
        D:9 |     578 |     567 |  49.5 |       6 |      16 |  72.7
       D:10 |    1508 |    1030 |  40.6 |      23 |      20 |  46.5
       D:11 |    8070 |    2642 |  24.7 |      60 |      35 |  36.8
       D:12 |    1585 |       0 |   0.0 |      15 |       0 |   0.0
       D:14 |    2071 |       0 |   0.0 |       7 |       0 |   0.0
       D:15 |    1435 |       0 |   0.0 |       3 |       0 |   0.0
            +---------+---------+-------+---------+---------+-------
